| TOP OF THE 1ST |
|
San Jose Giants batting - Pitching for Harrisburg Senators : RHP Brian Walker
|
|
Pitching: RHP Brian Walker
|
|
|
Batting: LHB Gil Caraveo
|
0-0: Bunt missed! 0-1: Swinging Strike 0-2: Ball 1-2: Ball 2-2: Ball 3-2: Ground out 5-3 (Groundball, 56, EV 108.1 MPH)
|
|
Batting: RHB Frank Pena
|
0-0: Swinging Strike 0-1: DOUBLE (Popup, 3D, EV 58.1 MPH)
|
|
Batting: LHB Oscar Tamayo
|
0-0: Ball 1-0: Ball 2-0: Ball 3-0: Called Strike 3-1: Ground out U3 (Groundball, 3S, EV 85.0 MPH) Frank Pena to third
|
|
Batting: LHB Steve Nevis
|
0-0: Ball 1-0: Ball 2-0: Called Strike 2-1: Foul Ball, location: 2F 2-2: Ball 3-2: Fly out, F5 (Line Drive, 56, EV 74.4 MPH)
|
| Top of the 1st over - 0 runs, 1 hit, 0 errors, 1 left on base; San Jose 0 - Harrisburg 0 |
| BOTTOM OF THE 1ST |
|
Harrisburg Senators batting - Pitching for San Jose Giants : RHP Dan Giles
|
|
Pitching: RHP Dan Giles
|
|
|
Batting: RHB Nate Dickinson
|
0-0: Foul Ball, location: 2F 0-1: Ball 1-1: Swinging Strike 1-2: Ball 2-2: Foul Ball, location: 2F 2-2: Foul Ball, location: 2F 2-2: Foul Ball, location: 2F 2-2: Ball 3-2: Strikes out swinging
|
|
Batting: LHB Pat Aviles
|
0-0: Ball 1-0: Ground out 4-3 (Groundball, 34D, EV 84.4 MPH)
|
|
Batting: RHB Antonio Laurel
|
0-0: Ball 1-0: Swinging Strike 1-1: Ball 2-1: Called Strike 2-2: Ball 3-2: Foul Ball, location: 2F 3-2: Base on Balls
|
|
Batting: RHB Kevin Wick
|
0-0: Called Strike 0-1: Ball 1-1: Foul Ball, location: 2F 1-2: Ball 2-2: Ball 3-2: Foul Ball, location: 2F 3-2: Ground out 6-3 (Groundball, 6, EV 79.4 MPH)
|
| Bottom of the 1st over - 0 runs, 0 hits, 0 errors, 1 left on base; San Jose 0 - Harrisburg 0 |
| TOP OF THE 2ND |
|
San Jose Giants batting - Pitching for Harrisburg Senators : RHP Brian Walker
|
|
Batting: RHB Matt Shepard
|
0-0: Ball 1-0: Ball 2-0: Called Strike 2-1: Foul Ball, location: 2F 2-2: Ball 3-2: Foul Ball, location: 2F 3-2: Base on Balls
|
|
Batting: RHB Zach Maguire
|
0-0: Ball 1-0: Called Strike 1-1: Called Strike 1-2: Foul Ball, location: 2F 1-2: Ball 2-2: SINGLE (Line Drive, 9LS, EV 100.0 MPH) Matt Shepard to second Runner from 2nd tries for 3rd, SAFE, throw by RF made to third
|
|
Batting: RHB Tony Harper
|
0-0: Ball 1-0: Ball Zach Maguire steals 2nd base 2-0: Ball 3-0: Called Strike 3-1: Base on Balls
|
|
Batting: RHB Ryan Roberts
|
0-0: Called Strike 0-1: Swinging Strike 0-2: Ball 1-2: Strikes out swinging
|
|
Batting: RHB Bob Schweiger
|
0-0: Called Strike 0-1: Called Strike 0-2: Strikes out swinging
|
|
Batting: LHB Gil Caraveo
|
0-0: Ball 1-0: Ball 2-0: Foul Ball, location: 2F 2-1: Called Strike 2-2: Ball 3-2: Strikes out swinging
|
| Top of the 2nd over - 0 runs, 1 hit, 0 errors, 3 left on base; San Jose 0 - Harrisburg 0 |
| BOTTOM OF THE 2ND |
|
Harrisburg Senators batting - Pitching for San Jose Giants : RHP Dan Giles
|
|
Batting: RHB Steve Perez
|
0-0: Ball 1-0: Swinging Strike 1-1: DOUBLE (Line Drive, 78XD, EV 107.5 MPH)
|
|
Batting: LHB John Holst
|
0-0: Ball 1-0: Ball Wild Pitch! Steve Perez to third 2-0: Called Strike 2-1: Foul Ball, location: 2F 2-2: Strikes out swinging
|
|
Batting: RHB Jon Buscher
|
0-0: Ball 1-0: Called Strike 1-1: Called Strike 1-2: Fly out, F3 (Line Drive, 3, EV 65.6 MPH)
|
|
Batting: RHB John McNeill
|
0-0: Ground out 6-3 (Groundball, 6S, EV 90.0 MPH)
|
| Bottom of the 2nd over - 0 runs, 1 hit, 0 errors, 1 left on base; San Jose 0 - Harrisburg 0 |
| TOP OF THE 3RD |
|
San Jose Giants batting - Pitching for Harrisburg Senators : RHP Brian Walker
|
|
Batting: RHB Frank Pena
|
0-0: Fly out, F9 (Line Drive, 9LS, EV 88.8 MPH)
|
|
Batting: LHB Oscar Tamayo
|
0-0: Ball 1-0: Ball 2-0: Ball 3-0: Called Strike 3-1: Ground out U3 (Groundball, 3L, EV 97.5 MPH)
|
|
Batting: LHB Steve Nevis
|
0-0: Ground out 6-3 (Groundball, 4M, EV 101.2 MPH)
|
| Top of the 3rd over - 0 runs, 0 hits, 0 errors, 0 left on base; San Jose 0 - Harrisburg 0 |
| BOTTOM OF THE 3RD |
|
Harrisburg Senators batting - Pitching for San Jose Giants : RHP Dan Giles
|
|
Batting: RHB Victor Cintron
|
0-0: Ball 1-0: Ball 2-0: Ground out 2-3 (Groundball, 15S, EV 63.1 MPH)
|
|
Batting: RHB Nate Dickinson
|
0-0: Ball 1-0: Ball 2-0: Ball 3-0: Base on Balls
|
|
Batting: LHB Pat Aviles
|
0-0: Ball Nate Dickinson is caught stealing 2nd base 2-6 1-0: Ground out 4-3 (Groundball, 34, EV 82.5 MPH)
|
| Bottom of the 3rd over - 0 runs, 0 hits, 0 errors, 0 left on base; San Jose 0 - Harrisburg 0 |
| TOP OF THE 4TH |
|
San Jose Giants batting - Pitching for Harrisburg Senators : RHP Brian Walker
|
|
Batting: RHB Matt Shepard
|
0-0: Foul Ball, location: 2F 0-1: Foul Ball, location: 2F 0-2: Foul Ball, location: 2F 0-2: Ground out 6-3 (Groundball, 6, EV 108.1 MPH)
|
|
Batting: RHB Zach Maguire
|
0-0: Called Strike 0-1: Foul Ball, location: 2F 0-2: Ball 1-2: Fly out, F7 (Line Drive, 7LM, EV 87.5 MPH)
|
|
Batting: RHB Tony Harper
|
0-0: Ball 1-0: Foul Ball, location: 2F 1-1: Fly out, F8 (Flyball, 8LD, EV 106.9 MPH)
|
| Top of the 4th over - 0 runs, 0 hits, 0 errors, 0 left on base; San Jose 0 - Harrisburg 0 |
| BOTTOM OF THE 4TH |
|
Harrisburg Senators batting - Pitching for San Jose Giants : RHP Dan Giles
|
|
Pitching: RHP Brian Yinger
|
|
|
Batting: RHB Antonio Laurel
|
0-0: Ball 1-0: Ground out 5-3 (Groundball, 5S, EV 80.6 MPH)
|
|
Batting: RHB Kevin Wick
|
0-0: Ball 1-0: Swinging Strike 1-1: Ball 2-1: Foul Ball, location: 2F 2-2: Fly out, F7 (Flyball, 78S, EV 87.5 MPH)
|
|
Batting: RHB Steve Perez
|
0-0: SINGLE (Groundball, 56S, EV 71.9 MPH) (infield hit)
|
|
Batting: LHB John Holst
|
0-0: Ball 1-0: Ball 2-0: Called Strike 2-1: Ground out 1-3 (Groundball, 34S, EV 73.8 MPH)
|
| Bottom of the 4th over - 0 runs, 1 hit, 0 errors, 1 left on base; San Jose 0 - Harrisburg 0 |
| TOP OF THE 5TH |
|
San Jose Giants batting - Pitching for Harrisburg Senators : RHP Brian Walker
|
|
Batting: RHB Ryan Roberts
|
0-0: Called Strike 0-1: Called Strike 0-2: Strikes out looking
|
|
Batting: RHB Bob Schweiger
|
0-0: Foul Ball, location: 2F 0-1: Ball 1-1: Fly out, F3 (Popup, 23F, EV 88.8 MPH)
|
|
Batting: LHB Gil Caraveo
|
0-0: Called Strike 0-1: Foul Ball, location: 2F 0-2: Ground out U3 (Groundball, 3, EV 83.8 MPH)
|
| Top of the 5th over - 0 runs, 0 hits, 0 errors, 0 left on base; San Jose 0 - Harrisburg 0 |
| BOTTOM OF THE 5TH |
|
Harrisburg Senators batting - Pitching for San Jose Giants : RHP Brian Yinger
|
|
Batting: RHB Jon Buscher
|
0-0: Called Strike 0-1: Foul Ball, location: 2F 0-2: Ball 1-2: Ground out 6-3 (Groundball, 6, EV 81.2 MPH)
|
|
Batting: RHB John McNeill
|
0-0: Called Strike 0-1: Ball 1-1: Swinging Strike 1-2: Ball 2-2: Ball 3-2: Ground out 5-3 (Groundball, 56S, EV 84.4 MPH)
|
|
Batting: RHB Victor Cintron
|
0-0: Swinging Strike 0-1: Called Strike 0-2: Fly out, F8 (Flyball, 8RD, EV 96.9 MPH)
|
| Bottom of the 5th over - 0 runs, 0 hits, 0 errors, 0 left on base; San Jose 0 - Harrisburg 0 |
| TOP OF THE 6TH |
|
San Jose Giants batting - Pitching for Harrisburg Senators : RHP Brian Walker
|
|
Batting: RHB Frank Pena
|
0-0: Called Strike 0-1: Ball 1-1: Foul Ball, location: 2F 1-2: Fly out, F4 (Popup, 4MD, EV 75.6 MPH)
|
|
Batting: LHB Oscar Tamayo
|
0-0: Called Strike 0-1: Foul Ball, location: 2F 0-2: Strikes out swinging
|
|
Batting: LHB Steve Nevis
|
0-0: Ball 1-0: Ball 2-0: Ball 3-0: Called Strike 3-1: Foul Ball, location: 2F 3-2: Fly out, F8 (Flyball, 89D, EV 93.8 MPH)
|
| Top of the 6th over - 0 runs, 0 hits, 0 errors, 0 left on base; San Jose 0 - Harrisburg 0 |
| BOTTOM OF THE 6TH |
|
Harrisburg Senators batting - Pitching for San Jose Giants : RHP Brian Yinger
|
|
Pitching: RHP Ricky Fo
|
|
|
Batting: RHB Nate Dickinson
|
0-0: Ball 1-0: Foul Ball, location: 2F 1-1: Ball 2-1: Foul Ball, location: 2F 2-2: Foul Ball, location: 2F 2-2: Hit by Pitch
|
|
Pitching: LHP Jimmy Heinecke
|
|
|
Batting: LHB Pat Aviles
|
0-0: Ball 1-0: Ball 2-0: Ball 3-0: Called Strike 3-1: SINGLE (Groundball, 34D, EV 101.9 MPH) Nate Dickinson to second Runner from 2nd tries for 3rd, SAFE, throw by RF made to third
|
|
Batting: RHB Antonio Laurel
|
0-0: Swinging Strike 0-1: Ball 1-1: Ball 2-1: Called Strike 2-2: Ball 3-2: Base on Balls Pat Aviles to second
|
|
Batting: RHB Kevin Wick
|
0-0: Called Strike 0-1: Grounds into fielders choice 3-2 (Groundball, 34S, EV 86.2 MPH) Pat Aviles to third Antonio Laurel to second
|
|
Batting: RHB Steve Perez
|
0-0: Ball 1-0: Called Strike 1-1: SINGLE (Groundball, 56, EV 90.0 MPH) (infield hit) Pat Aviles scores Antonio Laurel to third Kevin Wick to second
|
|
Batting: LHB John Holst
|
0-0: Called Strike 0-1: Fly out, F5 (Line Drive, 6, EV 65.6 MPH)
|
|
Batting: RHB Jon Buscher
|
0-0: Called Strike 0-1: Called Strike 0-2: Strikes out swinging
|
| Bottom of the 6th over - 1 run, 2 hits, 0 errors, 3 left on base; San Jose 0 - Harrisburg 1 |
| TOP OF THE 7TH |
|
San Jose Giants batting - Pitching for Harrisburg Senators : RHP Brian Walker
|
|
Batting: RHB Matt Shepard
|
0-0: Ball 1-0: Reached on error, E4 (Groundball, 4, EV 85.0 MPH)
|
|
Batting: RHB Zach Maguire
|
0-0: Ball Matt Shepard steals 2nd base 1-0: DOUBLE (Flyball, 8RXD, EV 97.5 MPH) Matt Shepard scores
|
|
Pinch Hitting: LHB Mike Roberts
|
0-0: Ball 1-0: Ball 2-0: Foul Ball, location: 2F 2-1: Foul Ball, location: 2F 2-2: Foul Ball, location: 2F 2-2: Strikes out swinging
|
|
Pitching: RHP Chris Close
|
|
|
Batting: RHB Ryan Roberts
|
0-0: Ball 1-0: Ball 2-0: Ball 3-0: Called Strike 3-1: Base on Balls
|
|
Batting: RHB Bob Schweiger
|
0-0: Ball Zach Maguire steals 3rd base Ryan Roberts to second 1-0: Called Strike 1-1: Ball 2-1: Ball 3-1: Foul Ball, location: 2F 3-2: Base on Balls
|
|
Batting: LHB Gil Caraveo
|
0-0: Ball 1-0: Called Strike 1-1: Foul Ball, location: 2F 1-2: Fly out, F9 (Flyball, 89S, EV 95.0 MPH)
|
|
Batting: RHB Frank Pena
|
0-0: Called Strike 0-1: Ball 1-1: Ball 2-1: Foul Ball, location: 2F 2-2: Strikes out swinging
|
| Top of the 7th over - 1 run, 1 hit, 1 error, 3 left on base; San Jose 1 - Harrisburg 1 |
| BOTTOM OF THE 7TH |
|
Harrisburg Senators batting - Pitching for San Jose Giants : LHP Jimmy Heinecke
|
|
Pitching: RHP Sanya Mikushevich
|
|
|
Now at 1B: Chris West
|
|
|
Batting: RHB John McNeill
|
0-0: Called Strike 0-1: Ball 1-1: Ball 2-1: Called Strike 2-2: Ball 3-2: Foul Ball, location: 2F 3-2: Foul Ball, location: 2F 3-2: Base on Balls
|
|
Batting: RHB Victor Cintron
|
0-0: Bunted foul 0-1: Sac Bunt to 25 - play at first, batter OUT! 5-3 John McNeill to second
|
|
Batting: RHB Nate Dickinson
|
0-0: Ball 1-0: Ball 2-0: Called Strike 2-1: Ball 3-1: Called Strike 3-2: Base on Balls
|
|
Batting: LHB Pat Aviles
|
0-0: Called Strike 0-1: Foul Ball, location: 2F 0-2: Ball 1-2: Ball 2-2: Ball 3-2: Foul Ball, location: 2F 3-2: Strikes out looking
|
|
Pitching: RHP Hiroaki Yazawa
|
|
|
Batting: RHB Antonio Laurel
|
0-0: Ground out 1-3 (Groundball, 15, EV 66.2 MPH)
|
| Bottom of the 7th over - 0 runs, 0 hits, 0 errors, 2 left on base; San Jose 1 - Harrisburg 1 |
| TOP OF THE 8TH |
|
San Jose Giants batting - Pitching for Harrisburg Senators : RHP Chris Close
|
|
Batting: LHB Oscar Tamayo
|
0-0: Called Strike 0-1: Swinging Strike 0-2: Strikes out swinging
|
|
Batting: LHB Steve Nevis
|
0-0: Ball 1-0: Foul Ball, location: 2F 1-1: Called Strike 1-2: Strikes out looking
|
|
Batting: RHB Matt Shepard
|
0-0: Foul Ball, location: 2F 0-1: Ball 1-1: Foul Ball, location: 2F 1-2: Ball 2-2: Foul Ball, location: 2F 2-2: Ball 3-2: Foul Ball, location: 2F 3-2: Reached on error, E3 (Groundball, 34S, EV 90.0 MPH)
|
|
Batting: RHB Zach Maguire
|
0-0: Fly out, F8 (Flyball, 8LD, EV 101.9 MPH)
|
| Top of the 8th over - 0 runs, 0 hits, 1 error, 1 left on base; San Jose 1 - Harrisburg 1 |
| BOTTOM OF THE 8TH |
|
Harrisburg Senators batting - Pitching for San Jose Giants : RHP Hiroaki Yazawa
|
|
Batting: RHB Kevin Wick
|
0-0: Called Strike 0-1: Ball 1-1: Ball 2-1: Ball 3-1: Base on Balls
|
|
Batting: RHB Steve Perez
|
0-0: Grounds into double play, 1-4-3 (Groundball, 15S, EV 64.4 MPH)
|
|
Batting: LHB John Holst
|
0-0: Ball 1-0: Ground out 5-3 (Groundball, 6, EV 87.5 MPH)
|
| Bottom of the 8th over - 0 runs, 0 hits, 0 errors, 0 left on base; San Jose 1 - Harrisburg 1 |
| TOP OF THE 9TH |
|
San Jose Giants batting - Pitching for Harrisburg Senators : RHP Chris Close
|
|
Pitching: RHP Stacey Kerssies
|
|
|
Batting: LHB Chris West
|
0-0: Ball 1-0: Swinging Strike 1-1: Called Strike 1-2: DOUBLE (Groundball, 3L, EV 111.2 MPH)
|
|
Batting: RHB Ryan Roberts
|
0-0: Ground out 4-3 (Groundball, 4, EV 90.0 MPH) Chris West to third
|
|
Batting: RHB Bob Schweiger
|
0-0: SINGLE (Groundball, 6, EV 88.8 MPH) (infield hit) Chris West scores
|
|
Batting: LHB Gil Caraveo
|
0-0: Foul Ball, location: 2F 0-1: Ball 1-1: Foul Ball, location: 2F 1-2: Foul Ball, location: 2F 1-2: Ball 2-2: Ground out U3 (Groundball, 34, EV 86.2 MPH) Bob Schweiger to second
|
|
Batting: RHB Frank Pena
|
0-0: Called Strike 0-1: DOUBLE (Groundball, 5L, EV 103.1 MPH) Bob Schweiger scores
|
|
Batting: LHB Oscar Tamayo
|
0-0: Called Strike 0-1: Ball 1-1: Foul Ball, location: 2F 1-2: Ball 2-2: Strikes out swinging
|
| Top of the 9th over - 2 runs, 3 hits, 0 errors, 1 left on base; San Jose 3 - Harrisburg 1 |
| BOTTOM OF THE 9TH |
|
Harrisburg Senators batting - Pitching for San Jose Giants : RHP Hiroaki Yazawa
|
|
Pitching: RHP Sam Drews
|
|
|
Batting: RHB Jon Buscher
|
0-0: Ball 1-0: Called Strike 1-1: Called Strike 1-2: Fly out, F9 (Flyball, 89M, EV 85.0 MPH)
|
|
Batting: RHB John McNeill
|
0-0: Foul Ball, location: 2F 0-1: Foul Ball, location: 2F 0-2: Ball 1-2: Ground out 5-3 (Groundball, 56, EV 90.0 MPH)
|
|
Batting: RHB Victor Cintron
|
0-0: Fly out, F8 (Flyball, 8LM, EV 97.5 MPH)
|
| Bottom of the 9th over - 0 runs, 0 hits, 0 errors, 0 left on base; San Jose 3 - Harrisburg 1 |
|